 Dungeon Crawl Stone Soup version 0.30-a0-4-ga7cffc901d (webtiles) character file.

Game seed: 767051992279480623

19 xian the Magician (level 2, 0/20 HPs)
             Began as a Draconian Hedge Wizard on Aug 21, 2022.
             Succumbed to an adder's poison
             ... on level 2 of the Dungeon.
             The game lasted 00:02:38 (942 turns).

xian the Magician (Draconian Hedge Wizard)           Turns: 942, Time: 00:02:39

Health: 0/20       AC:  8    Str:  9 (12) XL:     2   Next: 55%
Magic:  6/6        EV: 12    Int: 12 (14) God:
Gold:   50         SH:  0    Dex:  8 (10) Spells: 7/8 levels left

rFire   . . .      SeeInvis .    a - +0 dagger
rCold   . . .      Faith    .    (no shield)
rNeg    . . .      Spirit   .    (body armour unavailable)
rPois   .          Reflect  .    b - +0 hat
rElec   .          Harm     .    (no cloak)
rCorr   .          Rampage  .    (no gloves)
Will    .....                    (no boots)
Stlth   ++........               (no amulet)
HPRegen 0.06/turn                e - +4 ring of protection
MPRegen 0.10/turn                (no ring)

@: brilliant, lethally poisoned (0 -> -1)
A: AC +4, unfitting armour, cold-blooded
a: no special abilities


You were on level 2 of the Dungeon.
You visited 1 branch of the dungeon, and saw 2 of its levels.

You collected 50 gold pieces.

Inventory:

Hand Weapons
 a - a +0 dagger (weapon)
Armour
 b - a +0 hat (worn)
Jewellery
 e - a +4 ring of protection (left hand)
Potions
 c - a potion of magic


   Skills:
 + Level 0.1 Fighting
 + Level 2.0 Dodging
 + Level 1.9 Stealth
 + Level 3.5 Spellcasting
 + Level 1.0 Conjurations
 + Level 1.0 Summonings
 + Level 1.0 Translocations


You had 7 spell levels left.
You knew the following spells:

 Your Spells              Type           Power      Damage    Failure   Level
a - Magic Dart            Conj           28%        1d4       16%         1

Your spell library contained the following spells:

 Spells                   Type           Power      Damage    Failure   Level
 Slow                     Hex            12%        N/A       24%         1
 Blink                    Tloc           12%        N/A       24%         2
 Call Imp                 Summ           6%         N/A       24%         2
 Poisonous Vapours        Pois/Air       6%         N/A       34%         2
 Conjure Flame            Conj/Fire      5%         6-21      50%         3
 Mephitic Cloud           Conj/Pois/Air  4%         N/A       52%         3
 Corpse Rot               Necr/Pois/Air  3%         N/A       93%         4


Dungeon Overview and Level Annotations

Branches:
Dungeon (2/15)

Altars:


Innate Abilities, Weirdness & Mutations

Your plain brown scales are hard. (AC +4)
You cannot fit into any form of body armour.
You are cold-blooded and may be slowed by cold attacks.


Message History

You are frozen.
You feel yourself slow down. The adder closely misses you.
The endoplasm closely misses you. The adder attacks as you move away!
The adder barely misses you.
The endoplasm hits you but does no damage.
You hit the endoplasm but do no damage. The adder misses you.
The endoplasm hits you but does no damage.
The adder closely misses you. The endoplasm closely misses you.
The endoplasm attacks as you move away!
The endoplasm hits you but does no damage.
The adder bites you but does no damage.
You feel yourself speed up. The adder closely misses you.
The adder bites you but does no damage.
You see here a rat corpse.
The adder bites you.
* * * LOW HITPOINT WARNING * * *
You are lethally poisoned!
The adder poisons you!
* * * LOW HITPOINT WARNING * * *
You feel sick.
It was a potion of brilliance.
You feel clever all of a sudden.
* * * LOW HITPOINT WARNING * * *
You feel sick. The adder bites you but does no damage.
It was a potion of degeneration.
There was something very wrong with that liquid.
You feel weakened.
You feel dopey.
You feel clumsy.
* * * LOW HITPOINT WARNING * * *
You feel sick. The adder closely misses you.
The adder bites you but does no damage.
You barely miss the adder.
The adder is lightly wounded.
* * * LOW HITPOINT WARNING * * *
You feel sick. The adder bites you but does no damage.
Unknown command.
Okay, then.
Unknown command.
Unknown command.
As you read the scroll labelled HACARE LOEDUV, it crumbles to dust.
You feel aware of your surroundings.
It was a scroll of magic mapping.
You die...

*,*,*#.##....'...#,,,,,,,****
*,*,,..##....###.#,,,,,,,',,*
*,***####....# *,,,,,,,,,**,*
*,**** ##+#.# ****,,,,,,**,*
*..,,* #.#.# ***'*****,*
*..#*#####.#.# *,* *,*
*,...........## ***,*****,*
*,,#.###.###.$# *,,,,,,,,,,
*,,*...###wS@.#****'*+*****,*
*,,*##.#.#J#$.......,,,****,*
**,,#(.....#........,,,**,,,*
*,*##.#.###........,,,**,***
*,#.....$#.........,,,**,,,*
*,#.#.#.###........,,,****,*
**,,,###..,#........,,,* *,*
*,,***,###,#........,,,* *,*
*,,,,,,,,,,,,,,,,^,,,,,* *,*


You could see an adder, a dart slug and an endoplasm.

Vanquished Creatures
  2 endoplasms (D:1)
  3 goblins
  3 hobgoblins (D:1)
  4 ball pythons (D:1)
  A bat (D:1)
  2 frilled lizards (D:1)
  A kobold (D:1)
  3 rats
19 creatures vanquished.

Notes
Turn   | Place    | Note
-------+----------+-------------------------------------------
     0 | D:1      | xian the Draconian Hedge Wizard began the quest for the
                  | Orb.
     0 | D:1      | Reached XP level 1. HP: 14/14 MP: 4/4
   244 | D:1      | Reached XP level 2. HP: 20/20 MP: 3/6
   941 | D:2      | HP: 1/20 [poisoned by an adder]
   942 | D:2      | Succumbed to an adder's poison

Illustrated notes

Levels and vault maps discovered:
D:1:      dpeg_arrival_ternary, layout_loops_ring
D:2:      layout_basic, minmay_indecisive_spiral, uniq_sigmund

Skill      XL: |  1  2 |
---------------+-------+-----
Dodging        | 2 |  2.0
Fighting       | |  0.1
Stealth        | |  1.9
Spellcasting   | |  3.5
Conjurations   | |  1.0
Summonings     | |  1.0
Translocations | |  1.0

Action                   || total
-------------------------++-------
Melee: Dagger            ||    45
       Tailslap          ||     4
 Cast: Magic Dart        ||    10
  Use: Potion            ||     2
       Scroll            ||     1
 Stab: Sleeping          ||     4
Armor: Skin              ||    34
Dodge: Dodged            ||    39

Table legend: (Time is in decaauts)
 A = Elapsed time spent in this place.
 B = Non-inter-level travel time spent in this place.
 C = Inter-level travel time spent in this place.
 D = Time resting spent in this place.
 E = Time spent auto-exploring this place.
 F = Levels seen in this place.
 G = Mean time per level.
                   A        B        C        D        E       F      G
               +--------+--------+--------+--------+--------+-----+--------+
         Total |    944 |    904 |     40 |      0 |    690 |   2 |  472.0 |
       Dungeon |    944 |    904 |     40 |      0 |    690 |   2 |  472.0 |
               +--------+--------+--------+--------+--------+-----+--------+

Top non-repeatable levels by time:
     D:1: 866 daAuts
     D:2: 77 daAuts
